 Dungeon Crawl Stone Soup version 0.28-a0-1152-g9c71ebef14 (webtiles) character file.

Game seed: 15156242126687328168

149 spaghetti the Sneak (level 5, -3/36 HPs)
             Began as an Octopode Delver on Dec 14, 2021.
             Slain by a yak (7 damage)
             ... on level 8 of the Dungeon.
             The game lasted 00:01:30 (648 turns).

spaghetti the Sneak (Octopode Delver)                Turns: 648, Time: 00:01:31

Health: -3/36      AC:  1    Str: 14    XL:     5   Next: 31%
Magic:  14/14      EV: 15    Int: 12    God:
Gold:   13         SH:  0    Dex: 13    Spells: 4/4 levels left

rFire   . . .      SeeInvis .   a - +0 hand axe {axe}
rCold   . . .      Faith    .   (no shield)
rNeg    . . .      Spirit   .   (helmet restricted)
rPois   .          Reflect  .   (no amulet)
rElec   .          Harm     .   d - ring of magical power
rCorr   .          Rampage  .   (no ring)
Will    .....                   (no ring)
Stlth   ++++......              (no ring)
HPRegen 0.12/turn               (no ring)
MPRegen 0.14/turn               (no ring)
                                (no ring)
                                (no ring)

@: hasted, very quick
A: almost no armour, amphibious, 8 rings, camouflage 1, gelatinous body 1,
(nimble swimmer 1), tentacles
a: no special abilities


You were on level 8 of the Dungeon.
You visited 1 branch of the dungeon, and saw 4 of its levels.

You collected 13 gold pieces.


Innate Abilities, Weirdness & Mutations

You cannot wear most types of armour.
You are amphibious.
You can wear up to eight rings at the same time.
Your skin changes colour to match your surroundings (Stealth+).
Your rubbery body absorbs attacks. (AC +1, EV +1)
((You are camouflaged near water. (Stealth+)))
You have tentacles for arms and can constrict up to eight enemies at once.


   Skills:
 - Level 3.0 Fighting
 - Level 2.0 Axes
 + Level 5.3 Dodging
 - Level 6.6 Stealth


You had 4 spell levels left.
You didn't know any spells.
Your spell library contained the following spells:

 Spells                   Type           Power      Damage    Failure   Level
 Passwall                 Tmut/Erth      0%         N/A       45%         2
 Swiftness                Air            0%         N/A       69%         3

Inventory:

Hand Weapons
 a - a +0 hand axe (weapon) {axe}
Missiles
 h - 14 sling bullets
 i - 24 arrows
Jewellery
 d - a ring of magical power (left tentacle)
   (You found it on level 8 of the Dungeon)
Wands
 f - a wand of digging (3)
 g - a wand of flame (7)
   (You took it off a goblin on level 5 of the Dungeon)
Scrolls
 b - a scroll of fog
 c - a scroll of magic mapping {!r}
Potions
 j - a potion of lignification {!q}

Dungeon Overview and Level Annotations

Branches:
Dungeon (8/15)
 Temple: D:4-7         Lair: D:8-11

Altars:
Vehumet

#.# #.########## #.#
#.#.........
#.######.##.#######
#........#...#
...######........#...####
..........)...............
#.#.##.#........#...##.##
##.#.##.#Y######.#...## #
.........Y@[.......[....
#...###.#Y######.#.......
Y. ...#.# #.....##.#
..####.# ###.#..... .Z.
#.# ######..###.## .. #.#
#...##.... .. # #.#
#...##..)##.##. #.#
#...##...#.....
#.###.[.##.#.#.....


You could see 3 yaks.


Message History

d - a ring of magical power (left tentacle) Unknown command.
Unknown command.
A centaur comes into view. 😎 MP[+7]
You regained 7 mp, and now have 12/14 mp. 😎 MP[+1]
You start resting.
A centaur is nearby!
You start resting. 😎 MP[+1]
Your mp is fully restored (14).
A centaur is nearby!
You start waiting.
Done waiting.
Unknown command.
Unknown command.
j - 2 lumpy red potions You see here a +0 scale mail.
It was a potion of lignification.
You turn into a tree.
Your roots penetrate the ground. 😎 HP[+18]
You now have 54 max hp (+18).
Your hp is fully restored (54).
Unknown command.
You cannot move.
You cannot move.
Unknown command.
Unknown command.
The yak bellows! x2; You hear a bellow!
Okay, then.
Unknown command.
Okay, then.
Unknown command.
The yak snorts and paws the ground.
You hit the yak. You barely miss the yak. You hit the yak but do no damage.
The yak gores you but does no damage. x2; The yak gores you. 😕 HP[-1]
You take 1 damage, and now have 53/54 hp.
You hit the yak but do no damage. You barely miss the yak.
Your transformation is almost over.
The yak gores you but does no damage. x2
Unknown command.
You closely miss the yak. You hit the yak but do no damage. x2
The yak gores you. The yak gores you!
The yak gores you but does no damage. 😮 HP[-15]
You take 15 damage, and now have 38/54 hp.
MASSIVE DAMAGE!! (PAUSE) Unknown command.
You barely miss the yak. You completely miss the yak. You hit the yak.
The yak gores you but does no damage. x3
You hit the yak. You barely miss the yak. You hit the yak but do no damage.
The yak gores you but does no damage. The yak gores you!
The yak gores you. 😮 HP[-10]
You take 10 damage, and now have 28/54 hp.
Unknown command.
Unknown command.
Okay, then.
You feel yourself speed up. The yak gores you.
* * * LOW HITPOINT WARNING * * *
The yak gores you but does no damage. The yak completely misses you. 😨 HP[-4]
You take 4 damage, and now have 24/54 hp.
Unknown command.
Unknown command.
You hit the yak. You closely miss the yak. You hit the yak. The yak gores you!
* * * LOW HITPOINT WARNING * * *
The yak gores you but does no damage. x2 😨 HP[-7]
You take 7 damage, and now have 17/54 hp.
Unknown command.
Unknown command.
You hit the yak. You hit the yak but do no damage. You hit the yak.
The yak gores you but does no damage. The yak gores you.
* * * LOW HITPOINT WARNING * * *
The yak completely misses you.
Unknown command.
Unknown command.
You hit the yak. You hit the yak but do no damage. You hit the yak.
The yak gores you but does no damage. The yak barely misses you.
The yak gores you!
* * * LOW HITPOINT WARNING * * *
😱 HP[-7]
You take 7 damage, and now have 10/54 hp.
Unknown command.
Unknown command.
You hit the yak but do no damage. x2; You barely miss the yak.
You feel less wooden.
A killer bee zombie comes into view.
The yak barely misses you. The yak gores you.
* * * LOW HITPOINT WARNING * * *
😱 HP[-7]
You now have 36 max hp (-18).
Unknown command.
Unknown command.
Unknown command.
Okay, then.
Unknown command.
The yak gores you!
You die...

Skill      XL: |  1  2  3  4 |
---------------+-------------+-----
Dodging        | 3 4 5 |  5.3
Fighting       | |  3.0
Axes           | |  2.0
Stealth        | |  6.6

Action                   |  1- 3 |  4- 6 || total
-------------------------+-------+-------++-------
Melee: Hand axe          |     8 |    13 ||    21
       Tentacles         |     3 |     1 ||     4
       Constrict         |     2 |       ||     2
Evoke: Wand              |     3 |     2 ||     5
  Use: Scroll            |     1 |     1 ||     2
       Potion            |       |     2 ||     2
Armor: Skin              |       |    14 ||    14
Dodge: Dodged            |     4 |     6 ||    10

Levels and vault maps discovered:
D:5:      layout_loops_ring, vehumet_altar_wand_db,
          cheibrodos_sewer_entry_sluice, uniq_grinder, uniq_duvessa
D:6:      layout_cave_pods, minmay_temple_entry_mini_moons,
          amcnicky_mini_corridor_feature, minmay_misc_feat_ornament,
          grunt_decor_junction
D:7:      layout_loops_cross
D:8:      layout_basic, erik_lair_dragon

Notes
Turn   | Place    | Note
-------+----------+-------------------------------------------
     0 | D:5      | spaghetti the Octopode Delver began the quest for the Orb.
     0 | D:5      | Reached XP level 1. HP: 16/16 MP: 1/1
     0 | D:5      | magus.rc [v1.9.6]
     1 | D:5      | Found a radiant altar of Vehumet.
    56 | D:5      | Noticed a howler monkey
    64 | D:5      | Killed a howler monkey
    65 | D:5      | Reached skill level 3 in Dodging
    65 | D:5      | Reached XP level 2. HP: 14/21 MP: 2/2
    65 | D:5      | Reached XP level 3. HP: 18/26 MP: 3/3
    65 | D:5      | Noticed an ogre
    69 | D:5      | HP: 4/26 [iguana (6)]
    71 | D:5      | Reached skill level 4 in Dodging
    71 | D:5      | Reached XP level 4. HP: 5/31 MP: 4/4
    81 | D:6      | Noticed an ogre
    89 | D:6      | Killed an ogre
    90 | D:6      | Reached skill level 5 in Dodging
    90 | D:6      | Reached XP level 5. HP: 8/36 MP: 5/5
   393 | D:7      | Noticed a water moccasin
   428 | D:8      | Noticed a yak
   429 | D:8      | Noticed a yak
   431 | D:8      | Noticed a yak
   435 | D:8      | You pick up a book of Burglary and begin reading...
   435 | D:8      | You add the spells Passwall and Swiftness to your library.
   500 | D:8      | Noticed a centaur
   646 | D:8      | HP: 10/54 [yak (7)]
   647 | D:8      | HP: 3/36 [yak (3)]
   648 | D:8      | Slain by a yak

Vanquished Creatures
  An ogre (D:6)
  A howler monkey (D:5)
  An iguana (D:5)
  A goblin (D:5)
4 creatures vanquished.

Table legend:
 A = Non-vault XP
 B = Vault XP
 C = Vault XP percentage of total XP
 D = Non-vault monster count
 E = Vault monster count
 F = Vault count percentage of total count
                 A         B        C        D         E       F
            +---------+---------+-------+---------+---------+-------
      Total |     211 |       2 |   0.9 |       3 |       1 |  25.0
            +---------+---------+-------+---------+---------+-------
        D:5 |      90 |       2 |   2.2 |       2 |       1 |  33.3
        D:6 |     121 |       0 |   0.0 |       1 |       0 |   0.0
            +---------+---------+-------+---------+---------+-------

Illustrated notes

Table legend:
 A = Kills in this place as a percentage of kills in entire the game.
 B = Kills by you in this place as a percentage of kills by you in the entire game.
 C = Kills by friends in this place as a percentage of kills by friends in the entire game.
 D = Other kills in this place as a percentage of other kills in the entire game.
 E = Experience gained in this place as a percentage of experience gained in the entire game.
 F = Experience gained in this place divided by the number of levels of this place that you have seen.
                   A       B       C       D       E      F
               +-------+-------+-------+-------+-------+----------------------
         Total | 100.0 | 100.0 |   N/A |   N/A | 100.0 |  53.2
       Dungeon | 100.0 | 100.0 |   N/A |   N/A | 100.0 |  53.2
               +-------+-------+-------+-------+-------+----------------------

Table legend: (Time is in decaauts)
 A = Elapsed time spent in this place.
 B = Non-inter-level travel time spent in this place.
 C = Inter-level travel time spent in this place.
 D = Time resting spent in this place.
 E = Time spent auto-exploring this place.
 F = Levels seen in this place.
 G = Mean time per level.
                   A        B        C        D        E       F      G
               +--------+--------+--------+--------+--------+-----+--------+
         Total |    649 |    649 |      0 |    332 |    196 |   4 |  162.2 |
       Dungeon |    649 |    649 |      0 |    332 |    196 |   4 |  162.2 |
               +--------+--------+--------+--------+--------+-----+--------+

Top non-repeatable levels by time:
     D:6: 278 daAuts
     D:8: 245 daAuts
     D:5: 82 daAuts
     D:7: 43 daAuts
